 Dungeon Crawl Stone Soup version 0.30-a0-341-g682706514a (webtiles) character file.

Game seed: 13792275894206980392

120 Lanoc the Grave Robber (level 4, -5/30 HPs)
             Began as a Demonspawn Necromancer on Nov 2, 2022.
             Killed by divine providence
             ... invoked by an orc priest
              (12 damage)
             ... on level 3 of the Dungeon.
             The game lasted 00:01:54 (1882 turns).

Lanoc the Grave Robber (Demonspawn Necromancer)     Turns: 1882, Time: 00:01:55

Health: -5/30      AC:  2    Str:  8    XL:     4   Next: 75%
Magic:  3/7        EV: 13    Int: 18    God:
Gold:   181        SH:  9    Dex: 14    Spells: 6/7 levels left

rFire   . . .      SeeInvis .    (no weapon)
rCold   . . .      Faith    .    (no shield)
rNeg    . . .      Spirit   .    a - +0 robe
rPois   .          Reflect  +    (no helmet)
rElec   .          Harm     .    (no cloak)
rCorr   .          Rampage  .    (no gloves)
Will    .....                    (no boots)
Stlth   ++........               d - amulet of reflection
HPRegen 0.25/turn                (no ring)
MPRegen 0.10/turn                (no ring)

@: no status effects
A: large bone plates 1, weakness stinger 1
a: no special abilities


You were on level 3 of the Dungeon.
You visited 1 branch of the dungeon, and saw 3 of its levels.

You collected 181 gold pieces.

Inventory:

Armour
 a - a +0 robe (worn)
Jewellery
 d - an amulet of reflection (around neck)
 l - the dreamshard necklace {*Dream Drain}
   (You found it on level 2 of the Dungeon)

   [amulet of nothing]

   It shatters if its wearer takes lethal or near-lethal damage, preventing the
   blow and releasing protective dreams that heal and fight for the wearer.
   Drain:     It drains your maximum health when unequipped.
Scrolls
 e - a scroll of enchant weapon {unknown}
 g - a scroll of magic mapping {unknown}
 i - a scroll of fear {unknown}
 k - a scroll of teleportation {unknown}
Potions
 b - a potion of flight {unknown}
 c - 2 potions of attraction {unknown}
 f - a potion of degeneration {unknown}
 h - 2 potions of might {unknown}
 j - a potion of haste {unknown}


   Skills:
 + Level 3.0 Dodging
 - Level 1.7 Stealth
 - Level 2.0 Spellcasting
 * Level 6.1 Necromancy


You had 6 spell levels left.
You knew the following spells:

 Your Spells              Type           Power      Damage    Failure   Level
a - Necrotise             Necr           92%        1d8       1%          1

Your spell library contained the following spells:

 Spells                   Type           Power      Damage    Failure   Level
 Vampiric Draining        Necr           23%        2d7       4%          3
 Animate Dead             Necr           23%        N/A       14%         4
 Agony                    Necr           23%        N/A       38%         5


Dungeon Overview and Level Annotations

Branches:
Dungeon (3/15)

Altars:
Ashenzari

Shops:
D:2 (


Innate Abilities, Weirdness & Mutations

You are partially covered in large bone plates. (SH +4)
You have a small tail.


Message History

An orc comes into view. It is wielding a +0 club.
Casting: Necrotise (safe; 1% risk of failure)
Confirm with . or Enter, or press ? or * to list all spells.
Aiming: Necrotise (safe; 1% risk of failure)
Press: ? - help, Shift-Dir - straight line, f/p - orc wizard
Aim: an orc wizard, wielding a +0 dagger and wearing a +0 robe (heavily wounded, chance to affect: 81%)
The orc wizard writhes in agony.
The orc shouts!
The orc priest mumbles some strange prayers to Beogh against you.
Beogh smites you!
Casting: Necrotise (safe; 1% risk of failure)
Confirm with . or Enter, or press ? or * to list all spells.
Aiming: Necrotise (safe; 1% risk of failure)
Press: ? - help, Shift-Dir - straight line, f/p - orc wizard
Aim: an orc wizard, wielding a +0 dagger and wearing a +0 robe (heavily wounded, chance to affect: 81%)
The orc wizard writhes in agony!
Casting: Necrotise (safe; 1% risk of failure)
Confirm with . or Enter, or press ? or * to list all spells.
Aiming: Necrotise (safe; 1% risk of failure)
Press: ? - help, Shift-Dir - straight line, f/p - orc wizard
Aim: an orc wizard, wielding a +0 dagger and wearing a +0 robe (almost dead, chance to affect: 81%)
The orc wizard writhes in agony.
You kill the orc wizard!
The dead are walking!
The orc priest invokes the aid of Beogh against you.
Beogh smites you!
Ouch! That really hurt!
* * * LOW HITPOINT WARNING * * *
Your Dodging skill increases to level 3!
Your Necromancy skill increases to level 6!
You swap places.
The orc closely misses your orc wizard skeleton.
Your orc wizard skeleton barely misses the orc.
The orc priest looks braver for a moment.
The orc hits your orc wizard skeleton with a +0 whip.
Your orc wizard skeleton closely misses the orc.
The orc barely misses your orc wizard skeleton.
The orc priest mumbles some strange prayers to Beogh against you.
Beogh smites you!
You die...

.......................
..........##..#........
..........###.#........
########### #.#........
#......)... ##.........
#.######## # #.### ...
#..@#####.....
#.....Zooo....
#.#....o......
#..§§§........
#..§§§≈≈§≈≈≈..
#..§§......§..
#..≈.≈≈.≈≈.≈..
#..≈.≈...≈.≈.#
##.≈.≈._.≈§§§.


You could see 2 orc priests, 2 orcs and a friendly orc wizard skeleton.

Vanquished Creatures
  A scorpion (D:2)
  An orc wizard (D:3)
  An adder (D:2)
  2 bats
  5 endoplasms
  4 giant cockroaches
  2 goblins
  A hobgoblin (D:3)
  A kobold (D:2)
  A quokka (D:2)
  2 ball pythons (D:1)
  A frilled lizard (D:1)
22 creatures vanquished.

Notes
Turn   | Place    | Note
-------+----------+-------------------------------------------
     0 | D:1      | Lanoc the Demonspawn Necromancer began the quest for the
                  | Orb.
     0 | D:1      | Reached XP level 1. HP: 13/13 MP: 3/3
   501 | D:1      | Gained mutation: You have a small tail. [demonic ancestry]
   501 | D:1      | Reached XP level 2. HP: 19/19 MP: 1/5
  1159 | D:2      | Noticed a scorpion
  1167 | D:2      | Killed a scorpion
  1168 | D:2      | Reached skill level 5 in Necromancy
  1168 | D:2      | Reached XP level 3. HP: 17/24 MP: 4/6
  1168 | D:2      | Gained mutation: You are partially covered in large bone
                  | plates. (SH +4) [demonic ancestry]
  1168 | D:2      | Reached XP level 4. HP: 21/30 MP: 4/7
  1479 | D:2      | Found Keoteawen's Antique Weapon Emporium.
  1556 | D:2      | Found the dreamshard necklace {*Dream Drain}
  1874 | D:3      | Found a broken altar of Ashenzari.
  1880 | D:3      | Reached skill level 6 in Necromancy
  1882 | D:3      | Killed from afar by an orc priest

Illustrated notes

Levels and vault maps discovered:
D:1:      matt_arrival_spirals, layout_loops_cross, st_stairs_10,
          patterned_corridor
D:2:      layout_basic, serial_shops, shop, hangedman_decor_lopped
D:3:      layout_basic, mainiacjoe_overflow_concentric_impassable, uniq_sigmund

Skill      XL: |  1  2  3  4 |
---------------+-------------+-----
Dodging        | 2 3 |  3.0
Necromancy     | 5 6 |  6.1
Stealth        | |  1.7
Spellcasting   | |  2.0

Action                   |  1- 3 |  4- 6 || total
-------------------------+-------+-------++-------
Melee: Unarmed           |     1 |       ||     1
 Cast: Necrotise         |    26 |    18 ||    44
  Use: Potion            |     1 |       ||     1
Dodge: Dodged            |     7 |     2 ||     9
Block: Other             |     1 |       ||     1

Table legend: (Time is in decaauts)
 A = Elapsed time spent in this place.
 B = Non-inter-level travel time spent in this place.
 C = Inter-level travel time spent in this place.
 D = Time resting spent in this place.
 E = Time spent auto-exploring this place.
 F = Levels seen in this place.
 G = Mean time per level.
                   A        B        C        D        E       F      G
               +--------+--------+--------+--------+--------+-----+--------+
         Total |   1881 |   1825 |     56 |      0 |   1686 |   3 |  627.0 |
       Dungeon |   1881 |   1825 |     56 |      0 |   1686 |   3 |  627.0 |
               +--------+--------+--------+--------+--------+-----+--------+

Top non-repeatable levels by time:
     D:1: 1035 daAuts
     D:2: 720 daAuts
     D:3: 125 daAuts
